 Dungeon Crawl Stone Soup version 0.29.1-12-g30fa7ad0bf (webtiles) character file.

Game seed: 4934046621031966308

433 leafyfresh the Magician (level 7, 0/45 HPs)
             Began as a Djinni Air Elementalist on Jan 16, 2023.
             Was an Initiate of Makhleb.
             Slain by a gnoll
             ... wielding a +0 whip
             ... led by a gnoll sergeant
              (2 damage)
             ... on level 5 of the Dungeon.
             The game lasted 00:11:14 (4520 turns).

leafyfresh the Magician (Djinni Air Elementalist)   Turns: 4520, Time: 00:11:15

Health: 0/45       AC:  4    Str:  7    XL:     7   Next: 20%
Gold:   1402       EV: 13    Int: 25    God:    Makhleb [......] SH:  0 Dex: 13

rFire   + + +      SeeInvis .   s - +3 dagger
rCold   x . .      Faith    .   (no shield)
rNeg    . . .      Spirit   .   a - +2 robe
rPois   ∞          Reflect  .   (no helmet)
rElec   .          Harm     .   (no cloak)
rCorr   .          Rampage  .   (no gloves)
Will    .....                   (boots unavailable)
Stlth   ++........              (no amulet)
HPRegen 0.15/turn               q - ring of protection from fire
MPRegen 0.00/turn               g - +6 ring of intelligence

@: swift, flying, quick
A: sickness immunity, fire resistance 2, cold vulnerability 1, float, innate
caster, HP casting, extra vitality 1
a: Renounce Religion


You were on level 5 of the Dungeon.
You worshipped Makhleb.
Makhleb was noncommittal.
You visited 1 branch of the dungeon, and saw 5 of its levels.

You collected 1402 gold pieces.

Inventory:

Hand Weapons
 s - a +3 dagger (weapon)
Armour
 a - a +2 robe (worn)
Jewellery
 g - a +6 ring of intelligence (right hand)
 q - a ring of protection from fire (left hand)
Scrolls
 i - 2 scrolls of fear
 m - 3 scrolls of teleportation
 r - a scroll of immolation {unknown}
Potions
 c - a potion of invisibility {unknown}
 e - 2 potions of curing
 h - a potion of lignification {unknown}
 o - 4 potions of might


   Skills:
 + Level 3.2 Dodging
 - Level 1.6 Stealth
 + Level 5.6 Spellcasting


You had one spell level left.
You knew the following spells:

 Your Spells              Type           Power      Damage    Failure   Level
a - Shock                 Conj/Air       100%       1d9       1%          1
b - Static Discharge      Conj/Air       35%        3-8/arc   1%          2
c - Swiftness             Air            35%        N/A       2%          3
d - Airstrike             Air            17%        2d(3-19)  8%          4
e - Magic Dart            Conj           100%       1d8       1%          1
f - Poisonous Vapours     Pois/Air       70%        N/A       1%          2
g - Ignite Poison         Fire/Tmut/Pois 35%        N/A       2%          3
Your spell library was empty.

Dungeon Overview and Level Annotations

Branches:
Dungeon (5/15)             Temple (0/1) D:5

Altars:
Elyvilon
Makhleb
Okawaru
Yredelemnul

Portals:
Ossuary: D:5

Annotations:
D:4 Menkaure


Innate Abilities, Weirdness & Mutations

You are immune to sickness and miasma.
You are immune to poison.
Your flesh is very heat resistant. (rF++)
You are vulnerable to cold. (rC-)
You float through the air rather than walking.
You learn spells naturally, not from books.
Your magical power is your life essence.
You have superior vitality. (+4 MHP)


Message History

The mummy is struck by an arc of lightning.
The mummy is lightly damaged.
You are struck by an arc of lightning.
The mummy is struck by an arc of lightning.
The mummy is moderately damaged.
You are struck by an arc of lightning.
The lightning grounds out.
Casting: Static Discharge (safe; 1% risk of failure)
Confirm with . or Enter, or press ? or * to list all spells.
The mummy is struck by an arc of lightning.
The mummy is heavily damaged.
You are struck by an arc of lightning.
* * * LOW HITPOINT WARNING * * *
The mummy is struck by an arc of lightning.
The mummy is severely damaged.
You are struck by an arc of lightning.
* * * LOW HITPOINT WARNING * * *
The lightning grounds out.
* * * LOW HITPOINT WARNING * * *
The mummy closely misses you.
Unknown command.
Unknown command.
Unknown command.
Casting: Static Discharge (safe; 1% risk of failure)
Confirm with . or Enter, or press ? or * to list all spells.
The gnoll is struck by an arc of lightning.
The gnoll is heavily wounded.
You are struck by an arc of lightning.
* * * LOW HITPOINT WARNING * * *
The lightning grounds out.
The mummy is struck by an arc of lightning!
You destroy the mummy!
Makhleb accepts your kill.
You are struck by an arc of lightning.
* * * LOW HITPOINT WARNING * * *
The gnoll is struck by an arc of lightning.
The gnoll is almost dead.
The lightning grounds out.
* * * LOW HITPOINT WARNING * * *
The gnoll hits you with a +0 whip.
You die...

******#...#.#.. *#..#....
****#***########...#..
*,,,g..,.......S.#.#..
*,**.g.#*###.(...#....
#*,*,,#..#* #.$...#####
#.,,,###.g###.....# #
#..,*#∩##.........#
*#g.###@###........#
**,,#...g...#.......#
**,,*##.)...###......#
**,,**,##...##,##.....####*
**,,*##+###.###'###........,
*,,,...........g......#####*
****##.......###†.#.###
#.......# #.##.#* #.......#
#.#...******


You could see a gnoll.

Vanquished Creatures
  A black bear (D:4)
  An ice beast (D:5)
  A hound (D:3)
  An orc priest (D:3)
  An orc wizard (D:3)
  A mummy (D:5)
  2 gnolls (D:5)
  7 adders
  2 worms
  A dart slug (D:1)
  6 orcs (D:3)
  8 ball pythons
  5 bats (D:1)
  4 endoplasms
  4 giant cockroaches
  4 goblins
  5 hobgoblins
  4 jackals (D:1)
  6 kobolds
  A quokka (D:1)
  3 frilled lizards
  4 rats
72 creatures vanquished.

Vanquished Creatures (others)
  A fungus (D:1)
  5 plants (D:1)
6 creatures vanquished.

Grand Total: 78 creatures vanquished

Notes
Turn   | Place    | Note
-------+----------+-------------------------------------------
     0 | D:1      | leafyfresh the Djinni Air Elementalist began the quest for
                  | the Orb.
     0 | D:1      | leafyfresh set off with the following spells memorised:
                  | Shock, Static Discharge, Swiftness, Airstrike.
     0 | D:1      | Reached XP level 1. HP: 15/15 MP: 0/0
   275 | D:1      | Reached XP level 2. HP: 20/21 MP: 0/0
   504 | D:1      | Reached skill level 3 in Spellcasting
   643 | D:1      | Reached XP level 3. HP: 15/25 MP: 0/0
   643 | D:1      | Learned a level 1 spell: Magic Dart
   891 | D:1      | Found a faded altar of an unknown god.
  1930 | D:2      | Found a white marble altar of Elyvilon.
  2006 | D:2      | Reached XP level 4. HP: 21/31 MP: 0/0
  2783 | D:3      | Reached skill level 4 in Spellcasting
  2783 | D:3      | Reached XP level 5. HP: 14/35 MP: 0/0
  2783 | D:3      | Learned a level 2 spell: Poisonous Vapours
  3388 | D:3      | Found an iron altar of Okawaru.
  3625 | D:3      | Found a burning altar of Makhleb.
  3625 | D:3      | Found a basalt altar of Yredelemnul.
  3710 | D:3      | Became a worshipper of Makhleb the Destroyer
  4097 | D:3      | Identified a scroll of acquirement
  4097 | D:3      | Acquired 1231 gold pieces
  4127 | D:4      | Reached XP level 6. HP: 39/40 MP: 0/0
  4196 | D:4      | Noticed a black bear
  4221 | D:4      | Killed a black bear
  4222 | D:4      | Reached skill level 5 in Spellcasting
  4455 | D:4      | Noticed Menkaure
  4460 | D:5      | Entered Level 5 of the Dungeon
  4478 | D:5      | Noticed an ice beast
  4481 | D:5      | Killed an ice beast
  4482 | D:5      | Reached XP level 7. HP: 33/45 MP: 0/0
  4482 | D:5      | Learned a level 3 spell: Ignite Poison
  4516 | D:5      | Found a sand-covered staircase.
  4520 | D:5      | HP: 2/45 [/static electricity (3)]
  4520 | D:5      | Slain by a gnoll

Illustrated notes

Levels and vault maps discovered:
D:1:      wander_arrival_lonely_grave, layout_loops_cross,
          shapermc_ecumenical_altar_mp_ritualfount
D:2:      layout_basic, basic_altar
D:3:      layout_rooms, nicolae_overflow_hidden_temple,
          gammafunk_temple_overflow_elements, minmay_misc_feat_hallway
D:4:      layout_rooms, trog_hazing_becter, minmay_crossroads, uniq_menkaure
D:5:      layout_basic, grunt_gozag_breadcrumbs,
          minmay_temple_entry_purple_smoke, nicolae_ossuary_entry_giza

Skill      XL: |  1  2  3  4  5  6 |
---------------+-------------------+-----
Spellcasting   | 3 4 5 |  5.6
Dodging        | 3 |  3.2
Stealth        | |  1.6

Action                   |  1- 3 |  4- 6 |  7- 9 || total
-------------------------+-------+-------+-------++-------
Melee: Whip              |    28 |     5 |       ||    33
       Punch             |     1 |       |       ||     1
       Dagger            |       |     2 |     2 ||     4
 Cast: Shock             |    44 |    49 |     1 ||    94
       Static Discharge  |     6 |    12 |     4 ||    22
       Poisonous Vapours |       |     3 |     1 ||     4
       Airstrike         |       |     2 |       ||     2
       Swiftness         |       |       |     1 ||     1
  Use: Scroll            |       |    11 |       ||    11
 Stab: Sleeping          |       |       |     1 ||     1
Armor: Robe              |    21 |     4 |     1 ||    26
Dodge: Dodged            |    53 |    11 |     4 ||    68
